[ AOE2 MATCH · #483286856 ]
UnrankedTurks vs Maya
[ REPLAY ANALYSIS · EXTRACTED FROM THE RECORDED GAME ]
Feudal
12:35
Castle
18:37
Imperial
33:36
| APM avg | 14.4 |
| APM peak | 36 |
| eAPM avg | 10.4 |
| Villagers / military | 89 / 78 |
Focus
⚔️ 20.7% · 🌾 79.3%
Skirmisher ×74 · Knight ×2 · Trebuchet (Packed) ×2
Feudal
10:33
Castle
14:34
Imperial
32:09
| APM avg | 43.7 |
| APM peak | 105 |
| eAPM avg | 19.6 |
| Villagers / military | 123 / 78 |
Focus
⚔️ 23.7% · 🌾 76.3%
Mangudai ×60 · Mangonel ×15 · Trebuchet (Packed) ×2 · Monk ×1
Feudal
10:42
Castle
19:02
Imperial
33:33
| APM avg | 13.3 |
| APM peak | 72 |
| eAPM avg | 8.0 |
| Villagers / military | 74 / 79 |
Focus
⚔️ 16.6% · 🌾 83.4%
Spearman ×55 · Plumed Archer ×22 · Monk ×1 · Trebuchet (Packed) ×1
Feudal
8:18
Castle
25:31
Imperial
—
| APM avg | 20.6 |
| APM peak | 85 |
| eAPM avg | 10.1 |
| Villagers / military | 26 / 20 |
Focus
⚔️ 16.6% · 🌾 83.4%
Spearman ×20
Feudal
12:55
Castle
18:05
Imperial
37:35
| APM avg | 36.4 |
| APM peak | 85 |
| eAPM avg | 17.3 |
| Villagers / military | 102 / 41 |
Focus
⚔️ 19.3% · 🌾 80.7%
Mameluke ×35 · Battering Ram ×5 · Monk ×1
Feudal
10:19
Castle
23:28
Imperial
—
| APM avg | 29.0 |
| APM peak | 80 |
| eAPM avg | 20.9 |
| Villagers / military | 73 / 9 |
Focus
⚔️ 24.7% · 🌾 75.3%
Skirmisher ×5 · Archer ×4
Match map
Initial resources + every placement click. Lines = walls · curves = elevation contours. ◆ gold · ⬟ stone · ● berries · ✦ relic · ◌ wall gap
Your base· ✓ Closed at 18:37 · 0t walls · 3 gate(s)
LB_小小leo's base· ✓ Closed at 14:34 · 0t walls · 2 gate(s)
一拍车拍死你全家's base· ✓ Closed at 19:02 · 0t walls · 2 gate(s)
傲娇's base· ✓ Closed at 25:31 · 0t walls · 2 gate(s)
Up1set's base· ✓ Closed at 18:05 · 0t walls · 2 gate(s)
Tsukitech's base· ✓ Closed at 23:28 · 0t walls · 3 gate(s)
Smoothed initial terrain · ◌ = detected wall gap · hover for details
Inputs per minute
— 喜多川海梦 - - LB_小小leo
Build order — 喜多川海梦
First 150 of 196 actions detected
| 0:07 | Build | House |
| 0:13 | Create | Villager (Male) ×4 |
| 0:13 | Create | Villager (Male) ×4 |
| 1:36 | Create | Villager (Male) |
| 2:31 | Create | Villager (Male) |
| 2:31 | Create | Villager (Male) |
| 3:00 | Build | House |
| 3:55 | Create | Villager (Male) |
| 3:55 | Create | Villager (Male) |
| 3:56 | Create | Villager (Male) |
| 3:56 | Create | Villager (Male) |
| 4:51 | Build | House |
| 5:14 | Create | Villager (Male) |
| 5:15 | Create | Villager (Male) |
| 5:15 | Create | Villager (Male) |
| 5:15 | Create | Villager (Male) |
| 6:07 | Build | Mill |
| 6:42 | Build | Mill |
| 6:52 | Build | Lumber Camp |
| 6:56 | Create | Villager (Male) |
| 6:56 | Create | Villager (Male) |
| 6:57 | Create | Villager (Male) |
| 6:57 | Create | Villager (Male) |
| 7:02 | Build | House |
| 10:25 | Research | Feudal Age |
| 11:25 | Build | House |
| 11:44 | Create | Villager (Male) ×5 |
| 11:44 | Create | Villager (Male) ×5 |
| 12:35 | Age | Feudal Age |
| 12:39 | Build | Market |
| 12:53 | Build | Farm |
| 12:54 | Build | Farm |
| 12:54 | Build | Farm |
| 12:54 | Build | Farm |
| 12:55 | Build | Farm |
| 13:10 | Build | Farm |
| 13:27 | Build | Blacksmith |
| 13:51 | Build | Farm |
| 15:21 | Build | Farm |
| 15:57 | Research | Castle Age |
| 17:25 | Build | Mining Camp |
| 17:34 | Create | Villager (Male) |
| 17:34 | Create | Villager (Male) |
| 17:34 | Create | Villager (Male) |
| 17:35 | Create | Villager (Male) |
| 17:35 | Create | Villager (Male) |
| 17:35 | Create | Villager (Male) |
| 17:36 | Create | Villager (Male) |
| 17:36 | Create | Villager (Male) |
| 17:36 | Create | Villager (Male) |
| 18:12 | Research | Stone Mining |
| 18:37 | Age | Castle Age |
| 18:43 | Build | Town Center |
| 19:39 | Build | House |
| 19:40 | Build | House |
| 19:41 | Build | House |
| 19:54 | Create | Villager (Male) |
| 19:54 | Create | Villager (Male) |
| 19:54 | Create | Villager (Male) |
| 19:55 | Create | Villager (Male) |
| 20:37 | Build | Town Center |
| 21:12 | Build | Barracks |
| 21:37 | Create | Villager (Male) |
| 21:37 | Create | Villager (Male) |
| 21:37 | Create | Villager (Male) |
| 21:56 | Create | Villager (Male) |
| 21:56 | Create | Villager (Male) |
| 21:58 | Create | Villager (Male) |
| 21:59 | Create | Villager (Male) |
| 21:59 | Create | Villager (Male) |
| 22:35 | Create | Villager (Male) |
| 22:35 | Create | Villager (Male) |
| 22:46 | Build | Farm |
| 22:55 | Build | House |
| 22:56 | Build | House |
| 22:58 | Build | House |
| 23:28 | Research | Double-Bit Axe |
| 23:55 | Create | Villager (Male) |
| 24:06 | Build | Farm |
| 24:07 | Build | Farm |
| 24:07 | Build | Farm |
| 24:07 | Build | Farm |
| 24:08 | Build | Farm |
| 24:35 | Build | Farm |
| 24:41 | Create | Villager (Male) |
| 24:42 | Create | Villager (Male) |
| 24:45 | Create | Villager (Male) |
| 24:53 | Build | Farm |
| 24:53 | Build | Farm |
| 24:54 | Build | Farm |
| 24:55 | Build | Farm |
| 25:06 | Build | Archery Range |
| 25:07 | Build | Archery Range |
| 25:07 | Build | Archery Range |
| 25:37 | Create | Villager (Male) |
| 25:38 | Create | Villager (Male) |
| 25:41 | Create | Villager (Male) |
| 25:41 | Create | Villager (Male) |
| 25:41 | Create | Villager (Male) |
| 25:42 | Create | Villager (Male) |
| 25:53 | Build | Farm |
| 26:04 | Research | Horse Collar |
| 26:14 | Build | Archery Range |
| 26:16 | Create | Skirmisher |
| 26:16 | Create | Skirmisher |
| 26:17 | Create | Skirmisher |
| 26:57 | Build | Farm |
| 26:57 | Build | Farm |
| 27:02 | Create | Villager (Male) |
| 27:02 | Create | Villager (Male) |
| 27:02 | Create | Villager (Male) |
| 27:03 | Create | Villager (Male) |
| 27:06 | Research | Bow Saw |
| 27:12 | Build | Farm |
| 27:22 | Build | Farm |
| 27:34 | Build | Castle |
| 27:40 | Research | Fletching |
| 27:40 | Research | Padded Archer Armor |
| 28:09 | Create | Villager (Male) |
| 28:10 | Create | Villager (Male) |
| 28:22 | Build | House |
| 28:23 | Build | House |
| 28:25 | Build | House |
| 28:25 | Build | House |
| 28:26 | Build | House |
| 28:44 | Build | House |
| 28:44 | Build | House |
| 28:45 | Build | House |
| 28:45 | Build | House |
| 28:46 | Build | House |
| 28:46 | Build | House |
| 28:47 | Build | House |
| 28:47 | Build | House |
| 28:48 | Build | House |
| 28:58 | Research | Heavy Plow |
| 29:50 | Build | University |
| 30:14 | Create | Skirmisher ×5 |
| 30:14 | Create | Skirmisher ×5 |
| 30:26 | Research | Imperial Age |
| 30:35 | Build | Farm |
| 30:35 | Build | Farm |
| 30:36 | Build | Farm |
| 30:42 | Build | Farm |
| 30:42 | Build | Farm |
| 30:47 | Create | Skirmisher ×5 |
| 30:47 | Create | Skirmisher ×2 |
| 30:47 | Create | Skirmisher ×2 |
| 30:55 | Create | Skirmisher |
| 30:55 | Create | Skirmisher |
| 30:55 | Create | Skirmisher |
Build order — LB_小小leo
First 150 of 319 actions detected
| 0:02 | Create | Villager (Male) |
| 0:02 | Create | Villager (Male) |
| 0:05 | Build | House |
| 0:06 | Build | House |
| 0:36 | Create | Villager (Male) |
| 0:52 | Create | Villager (Male) |
| 1:40 | Create | Villager (Male) |
| 1:45 | Build | Lumber Camp |
| 2:03 | Create | Villager (Male) |
| 2:30 | Create | Villager (Male) |
| 2:32 | Create | Villager (Male) |
| 3:09 | Create | Villager (Male) |
| 3:29 | Create | Villager (Male) |
| 3:51 | Build | House |
| 4:00 | Create | Villager (Male) |
| 4:15 | Build | Mill |
| 4:27 | Create | Villager (Male) |
| 4:52 | Create | Villager (Male) |
| 5:19 | Create | Villager (Male) |
| 5:39 | Create | Villager (Male) |
| 5:55 | Build | House |
| 6:09 | Create | Villager (Male) |
| 6:36 | Create | Villager (Male) |
| 6:50 | Create | Villager (Male) |
| 7:15 | Create | Villager (Male) |
| 7:56 | Create | Villager (Male) |
| 8:23 | Research | Feudal Age |
| 9:25 | Build | Farm |
| 9:29 | Build | Farm |
| 9:35 | Build | House |
| 10:33 | Age | Feudal Age |
| 10:38 | Build | Blacksmith |
| 10:45 | Build | Market |
| 10:49 | Build | Farm |
| 10:50 | Build | Farm |
| 10:57 | Build | Farm |
| 11:26 | Research | Double-Bit Axe |
| 11:29 | Create | Villager (Male) |
| 11:29 | Create | Villager (Male) |
| 11:50 | Research | Castle Age |
| 12:07 | Build | Mining Camp |
| 12:30 | Build | House |
| 12:34 | Build | House |
| 14:34 | Age | Castle Age |
| 14:40 | Build | Farm |
| 14:44 | Build | Town Center |
| 15:08 | Build | Town Center |
| 15:19 | Create | Villager (Male) |
| 15:20 | Create | Villager (Male) |
| 15:20 | Create | Villager (Male) |
| 15:49 | Research | Horse Collar |
| 16:25 | Create | Villager (Male) |
| 16:25 | Create | Villager (Male) |
| 16:27 | Create | Villager (Male) |
| 16:40 | Create | Villager (Male) |
| 16:49 | Create | Villager (Male) |
| 16:49 | Create | Villager (Male) |
| 16:51 | Create | Villager (Male) |
| 17:09 | Build | Town Center |
| 17:11 | Create | Villager (Male) |
| 17:13 | Create | Villager (Male) |
| 17:14 | Create | Villager (Male) |
| 17:16 | Build | Farm |
| 17:22 | Build | Farm |
| 17:34 | Build | Farm |
| 17:45 | Create | Villager (Male) |
| 17:52 | Create | Villager (Male) |
| 17:54 | Create | Villager (Male) |
| 17:54 | Create | Villager (Male) |
| 18:04 | Build | Farm |
| 18:06 | Build | Farm |
| 18:10 | Create | Villager (Male) |
| 18:20 | Create | Villager (Male) |
| 18:26 | Build | Farm |
| 18:28 | Build | Farm |
| 18:32 | Create | Villager (Male) |
| 18:36 | Create | Villager (Male) |
| 18:45 | Build | Farm |
| 18:47 | Build | Farm |
| 18:54 | Create | Villager (Male) |
| 18:59 | Build | Farm |
| 19:03 | Create | Villager (Male) |
| 19:09 | Build | Farm |
| 19:11 | Build | Farm |
| 19:19 | Create | Villager (Male) |
| 19:26 | Create | Villager (Male) |
| 19:33 | Build | Farm |
| 19:34 | Build | Farm |
| 19:41 | Create | Villager (Male) |
| 19:50 | Build | Farm |
| 19:51 | Create | Villager (Male) |
| 19:58 | Build | Farm |
| 20:05 | Create | Villager (Male) |
| 20:07 | Create | Villager (Male) |
| 20:10 | Build | Farm |
| 20:19 | Create | Villager (Male) |
| 20:26 | Build | Farm |
| 20:30 | Build | Farm |
| 20:32 | Create | Villager (Male) |
| 20:33 | Create | Villager (Male) |
| 20:36 | Build | Farm |
| 20:38 | Create | Villager (Male) |
| 20:55 | Build | House |
| 20:59 | Create | Villager (Male) |
| 20:59 | Create | Villager (Male) |
| 21:00 | Create | Villager (Male) |
| 21:15 | Build | House |
| 21:21 | Build | Mill |
| 21:25 | Build | Farm |
| 21:25 | Build | Farm |
| 21:27 | Build | Farm |
| 21:34 | Build | House |
| 21:44 | Create | Villager (Male) |
| 21:45 | Create | Villager (Male) |
| 21:46 | Create | Villager (Male) |
| 21:47 | Create | Villager (Male) |
| 21:56 | Build | House |
| 22:02 | Build | Farm |
| 22:05 | Build | Farm |
| 22:09 | Build | Farm |
| 22:11 | Build | Farm |
| 22:25 | Build | Castle |
| 22:26 | Create | Villager (Male) |
| 22:27 | Create | Villager (Male) |
| 22:28 | Create | Villager (Male) |
| 22:29 | Create | Villager (Male) |
| 22:32 | Build | House |
| 22:33 | Build | House |
| 22:37 | Create | Villager (Male) |
| 22:38 | Create | Villager (Male) |
| 22:39 | Create | Villager (Male) |
| 22:40 | Create | Villager (Male) |
| 22:54 | Create | Villager (Male) |
| 22:59 | Build | House |
| 23:09 | Create | Villager (Male) |
| 23:10 | Create | Villager (Male) |
| 23:11 | Create | Villager (Male) |
| 23:13 | Create | Villager (Male) |
| 23:24 | Build | Farm |
| 23:26 | Build | Farm |
| 23:27 | Build | Farm |
| 23:36 | Build | Farm |
| 23:37 | Create | Villager (Male) |
| 23:38 | Create | Villager (Male) |
| 23:39 | Create | Villager (Male) |
| 23:40 | Create | Villager (Male) |
| 23:42 | Build | House |
| 23:49 | Create | Villager (Male) |
| 23:49 | Create | Villager (Male) |
| 23:50 | Create | Villager (Male) |
Build order — 一拍车拍死你全家
First 150 of 209 actions detected
| 0:19 | Create | Villager (Male) |
| 0:20 | Create | Villager (Male) |
| 0:27 | Build | House |
| 1:51 | Create | Villager (Male) |
| 2:19 | Create | Villager (Male) |
| 2:41 | Build | Lumber Camp |
| 3:08 | Create | Villager (Male) |
| 3:16 | Build | House |
| 3:58 | Create | Villager (Male) |
| 4:03 | Create | Villager (Male) |
| 4:55 | Build | Mill |
| 4:59 | Create | Villager (Male) |
| 5:27 | Create | Villager (Male) |
| 6:01 | Build | House |
| 6:09 | Create | Villager (Male) |
| 6:38 | Create | Villager (Male) |
| 7:09 | Create | Villager (Male) |
| 8:32 | Research | Feudal Age |
| 9:13 | Build | Mining Camp |
| 10:09 | Build | Farm |
| 10:09 | Build | Farm |
| 10:09 | Build | Farm |
| 10:10 | Build | Farm |
| 10:19 | Build | Mining Camp |
| 10:37 | Create | Villager (Male) |
| 10:37 | Create | Villager (Male) |
| 10:42 | Age | Feudal Age |
| 10:56 | Build | House |
| 11:12 | Build | Farm |
| 11:18 | Create | Villager (Male) |
| 11:37 | Build | Farm |
| 11:51 | Create | Villager (Male) |
| 12:27 | Build | Farm |
| 12:52 | Create | Villager (Male) |
| 13:11 | Create | Villager (Male) |
| 13:24 | Build | Blacksmith |
| 13:51 | Create | Villager (Male) |
| 13:54 | Create | Villager (Male) |
| 14:27 | Build | House |
| 15:16 | Build | Market |
| 15:32 | Create | Villager (Male) |
| 15:33 | Create | Villager (Male) |
| 16:22 | Research | Castle Age |
| 16:25 | Create | Villager (Male) |
| 16:25 | Create | Villager (Male) |
| 16:50 | Build | House |
| 17:03 | Build | Farm |
| 17:30 | Research | Double-Bit Axe |
| 17:32 | Research | Horse Collar |
| 18:27 | Create | Villager (Male) |
| 19:02 | Age | Castle Age |
| 19:05 | Build | Town Center |
| 19:14 | Build | Farm |
| 19:14 | Build | Farm |
| 19:31 | Build | Town Center |
| 20:05 | Build | Monastery |
| 20:26 | Create | Villager (Male) |
| 20:27 | Create | Villager (Male) |
| 20:29 | Create | Villager (Male) |
| 21:01 | Build | House |
| 21:04 | Build | House |
| 21:10 | Build | Farm |
| 21:19 | Create | Monk |
| 21:45 | Build | Farm |
| 21:46 | Build | Farm |
| 22:03 | Build | Farm |
| 22:06 | Create | Villager (Male) |
| 22:06 | Create | Villager (Male) |
| 22:06 | Create | Villager (Male) |
| 22:08 | Research | Wheelbarrow |
| 22:21 | Create | Villager (Male) |
| 22:21 | Create | Villager (Male) |
| 22:34 | Create | Villager (Male) |
| 22:35 | Create | Villager (Male) |
| 22:54 | Build | Farm |
| 23:16 | Build | University |
| 23:35 | Create | Villager (Male) |
| 23:35 | Create | Villager (Male) |
| 23:38 | Create | Villager (Male) |
| 23:40 | Create | Villager (Male) |
| 24:25 | Build | Farm |
| 24:32 | Create | Villager (Male) |
| 24:35 | Create | Villager (Male) |
| 24:38 | Create | Villager (Male) |
| 24:55 | Create | Villager (Male) |
| 25:28 | Create | Villager (Male) |
| 25:28 | Create | Villager (Male) |
| 25:30 | Research | Hand Cart |
| 25:34 | Research | Bow Saw |
| 25:38 | Research | Heavy Plow |
| 25:55 | Build | Mill |
| 25:59 | Build | Farm |
| 26:00 | Build | Farm |
| 26:00 | Build | Farm |
| 26:00 | Build | Farm |
| 26:04 | Create | Villager (Male) |
| 26:04 | Create | Villager (Male) |
| 26:18 | Research | Stone Mining |
| 26:29 | Build | Farm |
| 26:36 | Build | Farm |
| 26:42 | Build | Farm |
| 26:47 | Create | Villager (Male) |
| 26:50 | Create | Villager (Male) |
| 26:51 | Create | Villager (Male) |
| 27:20 | Create | Villager (Male) |
| 27:21 | Create | Villager (Male) |
| 27:25 | Create | Villager (Male) |
| 27:28 | Create | Villager (Male) |
| 27:36 | Build | House |
| 27:37 | Build | House |
| 27:38 | Build | House |
| 27:39 | Build | House |
| 27:40 | Build | House |
| 28:22 | Create | Villager (Male) |
| 28:25 | Create | Villager (Male) |
| 28:40 | Build | Town Center |
| 28:49 | Build | Farm |
| 28:49 | Build | Farm |
| 29:37 | Build | Castle |
| 29:48 | Build | House |
| 29:49 | Build | House |
| 29:50 | Build | House |
| 29:55 | Build | House |
| 29:56 | Build | House |
| 29:57 | Build | House |
| 29:58 | Build | House |
| 29:59 | Build | House |
| 30:03 | Build | House |
| 30:03 | Build | House |
| 30:05 | Build | House |
| 30:06 | Build | House |
| 30:16 | Build | Farm |
| 30:20 | Create | Villager (Male) |
| 30:23 | Research | Imperial Age |
| 30:26 | Create | Villager (Male) |
| 30:28 | Create | Villager (Male) |
| 30:31 | Create | Villager (Male) |
| 30:43 | Build | Farm |
| 30:43 | Build | Farm |
| 31:57 | Build | Castle |
| 33:11 | Build | Castle |
| 33:33 | Age | Imperial Age |
| 33:47 | Create | Villager (Male) |
| 33:47 | Create | Villager (Male) |
| 33:49 | Research | Crop Rotation |
| 33:52 | Research | Two-Man Saw |
| 33:54 | Research | Gold Mining |
| 33:55 | Research | Stone Shaft Mining |
| 33:58 | Create | Villager (Male) |
| 33:58 | Create | Villager (Male) |
Build order — 傲娇
70 actions detected in the replay
| 0:22 | Create | Villager (Male) |
| 0:22 | Create | Villager (Male) |
| 0:22 | Create | Villager (Male) |
| 0:53 | Build | House |
| 1:08 | Build | House |
| 2:44 | Build | Lumber Camp |
| 3:19 | Create | Villager (Male) |
| 3:19 | Create | Villager (Male) |
| 3:19 | Create | Villager (Male) |
| 3:20 | Create | Villager (Male) |
| 3:20 | Create | Villager (Male) |
| 3:20 | Create | Villager (Male) |
| 4:53 | Build | Mill |
| 6:08 | Research | Feudal Age |
| 7:09 | Create | Villager (Male) |
| 7:09 | Create | Villager (Male) |
| 7:10 | Create | Villager (Male) |
| 7:27 | Build | House |
| 8:18 | Age | Feudal Age |
| 10:11 | Build | Mining Camp |
| 12:05 | Create | Villager (Male) |
| 12:05 | Create | Villager (Male) |
| 12:05 | Create | Villager (Male) |
| 12:06 | Create | Villager (Male) |
| 13:07 | Build | Blacksmith |
| 13:52 | Build | Outpost |
| 14:13 | Build | Watch Tower |
| 14:37 | Build | Barracks |
| 15:08 | Create | Spearman |
| 15:09 | Create | Spearman |
| 15:09 | Create | Spearman |
| 15:09 | Create | Spearman |
| 15:10 | Create | Spearman |
| 15:19 | Build | House |
| 15:45 | Research | Padded Archer Armor |
| 15:56 | Research | Loom |
| 17:07 | Create | Spearman |
| 17:07 | Create | Spearman |
| 17:07 | Create | Spearman |
| 17:08 | Create | Spearman |
| 17:08 | Create | Spearman |
| 17:58 | Create | Villager (Male) |
| 17:59 | Create | Villager (Male) |
| 17:59 | Create | Villager (Male) |
| 18:00 | Create | Villager (Male) |
| 19:06 | Build | Watch Tower |
| 19:55 | Create | Spearman |
| 19:55 | Create | Spearman |
| 19:56 | Create | Spearman |
| 19:56 | Create | Spearman |
| 20:04 | Research | Scale Mail Armor |
| 21:01 | Build | House |
| 21:20 | Build | House |
| 21:54 | Build | Archery Range |
| 22:51 | Research | Castle Age |
| 24:21 | Create | Spearman |
| 24:21 | Create | Spearman |
| 24:21 | Create | Spearman |
| 24:21 | Create | Spearman |
| 24:22 | Create | Spearman |
| 24:22 | Create | Spearman |
| 25:31 | Age | Castle Age |
| 26:12 | Build | Mining Camp |
| 26:31 | Create | Villager (Male) |
| 26:32 | Create | Villager (Male) |
| 26:32 | Create | Villager (Male) |
| 29:36 | Create | Villager (Male) |
| 29:37 | Create | Villager (Male) |
| 29:37 | Create | Villager (Male) |
| 32:01 | Build | Castle |
Build order — Up1set
First 150 of 254 actions detected
| 0:02 | Build | House |
| 0:04 | Build | House |
| 0:07 | Create | Villager (Male) |
| 0:07 | Create | Villager (Male) |
| 0:07 | Create | Villager (Male) |
| 0:07 | Create | Villager (Male) |
| 1:51 | Build | Lumber Camp |
| 1:55 | Create | Villager (Male) |
| 2:06 | Create | Villager (Male) |
| 2:37 | Create | Villager (Male) |
| 2:57 | Create | Villager (Male) |
| 3:13 | Create | Villager (Male) |
| 4:06 | Create | Villager (Male) |
| 4:06 | Create | Villager (Male) |
| 4:38 | Build | Mill |
| 4:41 | Build | House |
| 5:00 | Create | Villager (Male) |
| 5:07 | Create | Villager (Male) |
| 5:53 | Create | Villager (Male) |
| 5:53 | Create | Villager (Male) |
| 5:53 | Create | Villager (Male) |
| 6:22 | Create | Villager (Male) |
| 6:33 | Build | House |
| 7:06 | Create | Villager (Male) |
| 7:19 | Build | Mining Camp |
| 7:32 | Create | Villager (Male) |
| 7:46 | Create | Villager (Male) |
| 8:02 | Build | House |
| 8:12 | Create | Villager (Male) |
| 8:46 | Create | Villager (Male) |
| 8:54 | Build | Mining Camp |
| 9:16 | Create | Villager (Male) |
| 9:24 | Build | Farm |
| 9:45 | Build | Farm |
| 9:49 | Create | Villager (Male) |
| 10:05 | Build | House |
| 10:15 | Create | Villager (Male) |
| 10:35 | Create | Villager (Male) |
| 10:45 | Research | Feudal Age |
| 10:52 | Build | Farm |
| 10:57 | Build | Farm |
| 11:01 | Build | Farm |
| 11:06 | Build | Farm |
| 12:12 | Create | Villager (Male) |
| 12:23 | Create | Villager (Male) |
| 12:55 | Age | Feudal Age |
| 13:02 | Create | Villager (Male) |
| 13:18 | Build | Market |
| 13:24 | Build | Blacksmith |
| 13:46 | Build | Mill |
| 13:50 | Create | Villager (Male) |
| 14:27 | Build | Farm |
| 14:28 | Create | Villager (Male) |
| 14:54 | Build | House |
| 14:58 | Create | Villager (Male) |
| 15:13 | Build | Farm |
| 15:18 | Research | Castle Age |
| 15:34 | Build | Farm |
| 16:06 | Research | Horse Collar |
| 16:06 | Research | Double-Bit Axe |
| 17:04 | Build | Lumber Camp |
| 17:21 | Research | Loom |
| 17:27 | Research | Wheelbarrow |
| 17:53 | Build | Farm |
| 18:03 | Build | Farm |
| 18:05 | Age | Castle Age |
| 18:07 | Create | Villager (Male) |
| 18:24 | Build | Castle |
| 18:36 | Build | Mining Camp |
| 18:37 | Create | Villager (Male) |
| 18:48 | Build | Farm |
| 19:00 | Build | House |
| 19:01 | Create | Villager (Male) |
| 19:20 | Research | Scale Barding Armor |
| 19:22 | Research | Fletching |
| 19:22 | Research | Padded Archer Armor |
| 19:30 | Research | Heavy Plow |
| 19:33 | Research | Bow Saw |
| 19:56 | Build | House |
| 19:59 | Build | House |
| 20:10 | Research | Chain Barding Armor |
| 20:21 | Create | Mameluke |
| 20:44 | Create | Mameluke |
| 20:56 | Create | Villager (Male) |
| 20:59 | Build | House |
| 21:01 | Create | Mameluke |
| 21:15 | Create | Villager (Male) |
| 21:20 | Create | Villager (Male) |
| 21:40 | Build | House |
| 21:41 | Create | Villager (Male) |
| 21:53 | Create | Mameluke |
| 22:12 | Build | Monastery |
| 22:16 | Create | Villager (Male) |
| 22:29 | Build | Farm |
| 22:37 | Create | Mameluke |
| 22:49 | Build | Farm |
| 22:55 | Create | Mameluke |
| 23:03 | Research | Padded Archer Armor |
| 23:10 | Research | Fletching |
| 23:19 | Build | Farm |
| 23:28 | Create | Villager (Male) |
| 23:34 | Build | Town Center |
| 23:51 | Build | Mill |
| 23:56 | Create | Mameluke |
| 24:04 | Build | Siege Workshop |
| 24:13 | Create | Villager (Male) |
| 24:14 | Create | Villager (Male) |
| 24:14 | Create | Villager (Male) |
| 24:14 | Create | Villager (Male) |
| 24:33 | Create | Villager (Male) |
| 24:36 | Create | Mameluke |
| 25:15 | Create | Battering Ram |
| 25:42 | Create | Villager (Male) |
| 25:45 | Create | Villager (Male) |
| 26:10 | Create | Villager (Male) |
| 26:11 | Create | Villager (Male) |
| 26:29 | Create | Mameluke |
| 26:34 | Create | Villager (Male) |
| 26:34 | Create | Villager (Male) |
| 26:34 | Create | Villager (Male) |
| 26:35 | Create | Villager (Male) |
| 26:35 | Create | Villager (Male) |
| 26:48 | Create | Mameluke |
| 26:59 | Create | Villager (Male) |
| 26:59 | Create | Villager (Male) |
| 27:18 | Build | Farm |
| 27:19 | Create | Villager (Male) |
| 27:20 | Create | Villager (Male) |
| 27:20 | Create | Villager (Male) |
| 27:20 | Create | Villager (Male) |
| 27:20 | Create | Villager (Male) |
| 27:22 | Create | Mameluke |
| 27:50 | Create | Villager (Male) |
| 27:50 | Create | Villager (Male) |
| 27:50 | Create | Villager (Male) |
| 28:19 | Create | Villager (Male) |
| 28:24 | Build | Farm |
| 28:26 | Create | Mameluke |
| 28:39 | Create | Mameluke |
| 28:46 | Build | Mill |
| 28:47 | Build | Farm |
| 28:50 | Build | Farm |
| 28:50 | Build | Farm |
| 28:50 | Build | Farm |
| 28:55 | Create | Battering Ram |
| 29:01 | Create | Mameluke |
| 29:28 | Create | Mameluke |
| 29:38 | Create | Villager (Male) |
| 29:38 | Create | Villager (Male) |
| 29:42 | Build | Farm |
Build order — Tsukitech
First 150 of 162 actions detected
| 0:06 | Build | House |
| 0:08 | Build | House |
| 0:10 | Create | Villager (Male) |
| 0:10 | Create | Villager (Male) |
| 0:57 | Create | Villager (Male) |
| 1:12 | Create | Villager (Male) |
| 1:23 | Create | Villager (Male) |
| 1:49 | Create | Villager (Male) |
| 2:15 | Create | Villager (Male) |
| 2:32 | Create | Villager (Male) |
| 2:39 | Build | Mill |
| 3:02 | Build | House |
| 3:10 | Create | Villager (Male) |
| 3:19 | Create | Villager (Male) |
| 4:18 | Create | Villager (Male) |
| 4:46 | Build | Lumber Camp |
| 4:48 | Create | Villager (Male) |
| 5:12 | Create | Villager (Male) |
| 5:41 | Build | Mining Camp |
| 5:51 | Create | Villager (Male) |
| 6:19 | Create | Villager (Male) |
| 6:47 | Build | House |
| 6:53 | Create | Villager (Male) |
| 7:23 | Create | Villager (Male) |
| 7:48 | Research | Loom |
| 8:15 | Research | Feudal Age |
| 9:39 | Create | Villager (Male) |
| 9:40 | Create | Villager (Male) |
| 9:44 | Create | Villager (Male) |
| 9:45 | Create | Villager (Male) |
| 10:19 | Age | Feudal Age |
| 10:22 | Build | Watch Tower |
| 10:44 | Build | Farm |
| 10:53 | Build | Blacksmith |
| 11:21 | Build | Farm |
| 11:38 | Build | Farm |
| 11:40 | Create | Villager (Male) |
| 11:55 | Build | House |
| 12:08 | Build | House |
| 12:14 | Build | House |
| 12:21 | Create | Villager (Male) |
| 12:25 | Build | Farm |
| 12:49 | Create | Villager (Male) |
| 12:49 | Create | Villager (Male) |
| 12:53 | Build | Farm |
| 12:54 | Create | Villager (Male) |
| 13:45 | Build | Watch Tower |
| 13:59 | Build | Farm |
| 13:59 | Build | Farm |
| 14:00 | Build | Farm |
| 14:12 | Create | Villager (Male) |
| 14:43 | Build | Barracks |
| 15:36 | Build | House |
| 15:42 | Create | Villager (Male) |
| 15:43 | Create | Villager (Male) |
| 15:57 | Build | Archery Range |
| 16:10 | Research | Fletching |
| 16:12 | Build | Farm |
| 16:26 | Create | Archer |
| 16:44 | Create | Archer |
| 16:45 | Create | Archer |
| 17:26 | Build | Watch Tower |
| 17:56 | Create | Archer |
| 18:24 | Build | Watch Tower |
| 18:43 | Build | Watch Tower |
| 19:08 | Build | Farm |
| 19:08 | Build | Farm |
| 19:08 | Build | Farm |
| 20:05 | Build | Market |
| 20:11 | Create | Villager (Male) |
| 20:51 | Build | Farm |
| 21:02 | Research | Castle Age |
| 22:03 | Create | Skirmisher |
| 22:03 | Create | Skirmisher |
| 22:04 | Create | Skirmisher |
| 22:04 | Create | Skirmisher |
| 22:06 | Create | Skirmisher |
| 23:28 | Age | Castle Age |
| 23:51 | Build | Castle |
| 24:27 | Build | House |
| 25:48 | Build | Castle |
| 26:06 | Create | Villager (Male) |
| 26:07 | Create | Villager (Male) |
| 29:16 | Build | Town Center |
| 29:53 | Build | Farm |
| 29:54 | Build | Farm |
| 31:06 | Build | Farm |
| 31:44 | Build | Farm |
| 31:44 | Build | Farm |
| 31:45 | Build | Farm |
| 31:45 | Build | Farm |
| 31:45 | Build | Farm |
| 31:52 | Build | Mining Camp |
| 31:55 | Create | Villager (Male) |
| 31:55 | Create | Villager (Male) |
| 31:55 | Create | Villager (Male) |
| 31:56 | Create | Villager (Male) |
| 31:56 | Create | Villager (Male) |
| 31:56 | Create | Villager (Male) |
| 31:56 | Create | Villager (Male) |
| 31:57 | Create | Villager (Male) |
| 31:57 | Create | Villager (Male) |
| 31:57 | Create | Villager (Male) |
| 31:58 | Create | Villager (Male) |
| 31:58 | Create | Villager (Male) |
| 31:58 | Create | Villager (Male) |
| 31:58 | Create | Villager (Male) |
| 31:58 | Create | Villager (Male) |
| 32:32 | Build | House |
| 33:29 | Build | Palisade Wall |
| 33:31 | Build | Palisade Wall |
| 33:37 | Build | Farm |
| 33:38 | Create | Villager (Male) |
| 33:41 | Create | Villager (Male) |
| 33:42 | Create | Villager (Male) |
| 33:42 | Create | Villager (Male) |
| 33:42 | Create | Villager (Male) |
| 33:43 | Create | Villager (Male) |
| 33:43 | Create | Villager (Male) |
| 33:43 | Create | Villager (Male) |
| 33:43 | Create | Villager (Male) |
| 33:44 | Create | Villager (Male) |
| 33:44 | Create | Villager (Male) |
| 33:44 | Create | Villager (Male) |
| 33:44 | Create | Villager (Male) |
| 33:45 | Create | Villager (Male) |
| 33:45 | Create | Villager (Male) |
| 33:45 | Create | Villager (Male) |
| 34:28 | Build | Farm |
| 34:34 | Build | Farm |
| 34:36 | Build | Farm |
| 34:38 | Build | Farm |
| 34:38 | Build | Farm |
| 34:40 | Create | Villager (Male) |
| 34:41 | Create | Villager (Male) |
| 34:41 | Create | Villager (Male) |
| 34:41 | Create | Villager (Male) |
| 34:43 | Create | Villager (Male) |
| 34:43 | Create | Villager (Male) |
| 36:11 | Build | Farm |
| 36:11 | Build | Farm |
| 36:53 | Build | House |
| 37:25 | Create | Villager (Male) |
| 37:25 | Create | Villager (Male) |
| 37:26 | Create | Villager (Male) |
| 37:27 | Create | Villager (Male) |
| 37:29 | Build | Farm |
| 37:33 | Build | Farm |
| 37:45 | Build | House |
| 38:17 | Build | House |
Match timeline
| 8:18 | 傲娇 · age_up feudal |
| 10:19 | Tsukitech · age_up feudal |
| 10:33 | LB_小小leo · age_up feudal |
| 10:42 | 一拍车拍死你全家 · age_up feudal |
| 11:40 | LB_小小leo · first_market_sell 100 wood |
| 12:35 | 喜多川海梦 · age_up feudal |
| 12:55 | Up1set · age_up feudal |
| 13:36 | 喜多川海梦 · first_market_sell 100 wood |
| 14:34 | LB_小小leo · age_up castle |
| 14:37 | 傲娇 · first_building Barracks |
| 14:43 | Tsukitech · first_building Barracks |
| 15:57 | Tsukitech · first_building Archery Range |
| 18:05 | Up1set · age_up castle |
| 18:24 | Up1set · first_building Castle |
| 18:37 | 喜多川海梦 · age_up castle |
| 19:02 | 一拍车拍死你全家 · age_up castle |
| 20:05 | 一拍车拍死你全家 · first_building Monastery |
| 20:57 | Tsukitech · first_market_sell 100 food |
| 21:12 | 喜多川海梦 · first_building Barracks |
| 21:54 | 傲娇 · first_building Archery Range |
| 22:12 | Up1set · first_building Monastery |
| 22:25 | LB_小小leo · first_building Castle |
| 23:28 | Tsukitech · age_up castle |
| 23:51 | Tsukitech · first_building Castle |
| 24:04 | Up1set · first_building Siege Workshop |
| 24:29 | LB_小小leo · first_building Monastery |
| 25:06 | 喜多川海梦 · first_building Archery Range |
| 25:31 | 傲娇 · age_up castle |
| 27:34 | 喜多川海梦 · first_building Castle |
| 28:55 | Tsukitech · first_market_buy 100 stone |
| 29:29 | LB_小小leo · first_building Siege Workshop |
| 29:37 | 一拍车拍死你全家 · first_building Castle |
| 30:32 | LB_小小leo · first_building Barracks |
| 32:01 | 傲娇 · first_building Castle |
| 32:09 | LB_小小leo · age_up imperial |
| 33:29 | Tsukitech · wall_segment Palisade Wall x4 |
| 33:31 | Tsukitech · wall_segment Palisade Wall x2 |
| 33:33 | 一拍车拍死你全家 · age_up imperial |
| 33:36 | 喜多川海梦 · age_up imperial |
| 34:02 | Up1set · first_market_sell 100 food |
| 34:16 | 一拍车拍死你全家 · first_building Barracks |
| 35:12 | 一拍车拍死你全家 · first_building Siege Workshop |
| 36:14 | Up1set · first_building Barracks |
| 36:57 | 喜多川海梦 · first_building Stable |
| 37:35 | Up1set · age_up imperial |
| 38:05 | LB_小小leo · first_building Archery Range |
| 38:08 | 一拍车拍死你全家 · first_building Archery Range |
| 38:39 | 喜多川海梦 · resign |
[ AI ANALYSIS · 1 CREDIT ]
What really happened in this match?
Wolo.gg analyzes every decision: build order, eco, micro, common mistakes by bracket. Personalized analysis on WhatsApp or Discord in 30 seconds.
Civ guide
Turks
Map guide
Arena
Perfil
Jugador #23317708